cohdb
Replays
Latest Replays
All Replays
Popular Replays
Top Player Replays
Match Explorer
How It Works
Community
CoH3 Stats
Reddit
Sign in to upload your games and track your stats! →
Sign in with Steam
Match 45478309
Unlisted
Match 45478309
Overview
Messages
Build Orders
End
Construct Section Command Post
Selects Canadian Shock Battlegroup
Dingo Light Scout Car
Infantry Section
Infantry Section
Selects Attacking Spirit
Selects Canadian Shock Section
Canadian Shock Section
Infantry Section
Vickers Machine Gun Team
Selects Incendiary Munitions
Construct Platoon Command Post
6-pounder Anti-tank Gun Team
CMP 15cwt Truck
Infantry Training
Grenade Package
Infantry Section
[PIAP]LauchGo3Panda
Smash
BOOM YOU
[PD] Ducktus
Nico-Nico-Nii~~
=-._.-=MR.Paul=-._.-=
0
0
Comments
sign in to comment!
No comments posted yet!